 Dungeon Crawl Stone Soup version 0.26-a0-317-ge2f3d4a7ca (webtiles) character file.

Game seed: 17173576360954712131

9278 MrRokkomies the Basher (level 11, -2/93 HPs)
             Began as a Palentonga Fighter on July 15, 2020.
             Was a Believer of Nemelex Xobeh.
             Slain by a wyvern (8 damage)
             ... on level 2 of the Lair of Beasts on July 16, 2020.
             The game lasted 00:28:55 (13417 turns).

MrRokkomies the Basher (Palentonga Fighter)        Turns: 13417, Time: 00:28:56

Health: -2/93      AC: 12    Str: 20    XL:     11   Next: 20%
Magic:  18/18      EV:  4    Int:  8    God:    Nemelex Xobeh [**....]
Gold:   629        SH:  0    Dex: 13    Spells: 10/10 levels left

rFire    + . .     SeeInvis +   K - +0 flail (flame)
rCold    + . .     Faith    .   c - +0 kite shield
rNeg     . . .     Spirit   .   J - +1 chain mail {rF+}
rPois    .         Reflect  .   r - +0 helmet
rElec    .         Harm     .   t - +0 cloak
rCorr    .                      (no gloves)
MR       .....                  (boots restricted)
Stlth    ..........             (no amulet)
HPRegen  0.25/turn              y - ring of stealth
MPRegen  0.16/turn              v - ring of protection from cold

@: confused
A: large, rugged brown scales 3, see invisible, deformed body, roll, armoured
tail
a: Rolling Charge, Draw Escape, Draw Destruction, Draw Summoning, Renounce
Religion


You were on level 2 of the Lair of Beasts.
You worshipped Nemelex Xobeh.
Nemelex Xobeh was pleased with you.
You visited 2 branches of the dungeon, and saw 10 of its levels.
You also visited: Volcano.

You collected 629 gold pieces.

Inventory:

Hand Weapons
 p - a +2 whip of freezing
 z - a +2 dagger of venom
 K - a +0 flail of flaming (weapon)
Missiles
 e - 354 stones (quivered)
 g - 152 arrows
 k - 62 bolts
 E - 17 poisoned darts
Armour
 c - a +0 kite shield (worn)
 r - a +0 helmet (worn)
 t - a +0 cloak (worn)
 J - a +1 chain mail of fire resistance (worn)
Jewellery
 v - a ring of protection from cold (right hand)
 y - a ring of stealth (left hand)
 C - an uncursed ring of ice
Wands
 d - a wand of enslavement (5)
 A - a wand of random effects (9)
 H - a wand of acid (11)
 I - a wand of flame (24)
Scrolls
 f - 6 scrolls of teleportation
 j - a scroll of remove curse
 l - 4 scrolls of amnesia
 n - 3 scrolls of fear
 o - 3 scrolls of enchant weapon
 w - 4 scrolls of identify
 D - 2 scrolls of immolation
Potions
 i - 2 potions of stabbing {unknown}
 q - 2 potions of ambrosia
 u - a potion of mutation {unknown}
 x - a potion of invisibility {unknown}
 B - a potion of haste {unknown}
 G - a potion of degeneration {unknown}
 M - 2 potions of berserk rage {unknown}


   Skills:
 + Level 8.5 Fighting
 * Level 10.4 Maces & Flails
 + Level 6.4 Armour
 - Level 2.4 Dodging
 - Level 2.4 Shields
 * Level 9.9 Invocations


You had 10 spell levels left.
You didn't know any spells.
Your spell library contained the following spells:

 Spells                   Type           Power        Failure   Level
 Magic Dart               Conj           #...         100%        1
 Blink                    Tloc           N/A          100%        2
 Call Imp                 Summ           #.......     100%        2
 Slow                     Hex            #.......     100%        2
 Conjure Flame            Conj/Fire      #.......     100%        3
 Mephitic Cloud           Conj/Pois/Air  #.......     100%        3


Dungeon Overview and Level Annotations

Branches:
Dungeon (8/15)             Temple (0/1) D:7            Lair (2/6) D:8
Volcano (visited)
  Swamp: Lair:2-4    Shoals: Lair:2-4     Snake: Lair:2-4    Spider: Lair:2-4

Altars:
Fedhas
Hepliaklqana
Makhleb
Nemelex Xobeh
Qazlal
Trog
Uskayaw
Vehumet
The Shining One

Shops:
D:5 }


Innate Abilities, Weirdness & Mutations

You are completely covered in rugged brown scales. (AC +3, +7% HP)
You have supernaturally acute eyesight. (SInv)
Armour fits poorly on your strangely shaped body.
You can roll at foes to attack.
You have a long armoured tail.


Message History

Your shield and chain mail prevent you from hitting the wyvern.
Your tail-slap misses the wyvern.
The wyvern is almost dead.
The wyvern bites you!
* * * LOW HITPOINT WARNING * * *
You feel better.
The wyvern bites you but does no damage.
The wyvern bites you!
* * * LOW HITPOINT WARNING * * *
You feel better. The wyvern bites you!
* * * LOW HITPOINT WARNING * * *
You are confused.
You feel invigorated. The wyvern bites you.
* * * LOW HITPOINT WARNING * * *
The wyvern bites you but does no damage.
The wyvern bites you!
* * * LOW HITPOINT WARNING * * *
The wyvern barely misses you. The wyvern bites you!
You die...
Your body disappears without a glow.

**,,,,,,,,,,,, *,,,,,,,,,,,,,
**,,,,,,,,,,,, *,,,,,,,,,,,,
*,,,,,,,,,,,, **,,,,>,,,<,,,
*,,,,,,,,,,,,, ### ######
*,*,,,,,,,,,,, ###.#### ###.##@#
***,,,,,,,,,,,
#P.#.#.####....l###****,,,,,,,,,,
#...#....#[.......##,,,,,,,,,,,,,
.........##.......†#,*,,,,,,,,,,,
.........###....†........,,,,,,,,
..........##.............,,,,,,,,
†...............l........**,,,,,,
...............P.......##**,,,,,,
.............#.......$.#***,,,,,,


You could see a wyvern.

Vanquished Creatures
  3 death yaks
  A sun demon (Volcano)
  Pikel (D:7)
  A mana viper (Volcano)
  An ugly thing (Volcano)
  A manticore (D:8)
  Joseph (D:7)
  Maurice (D:7)
  A red devil (Volcano)
  3 hippogriffs
  5 yaks
  A human (D:8)
  3 hogs (D:8)
  A chaos spawn (Volcano)
  A water moccasin (Lair:1)
  A hell hound (Volcano)
  A porcupine (Lair:2)
  An orc warrior (D:8)
  2 ice beasts (D:7)
  A sky beast (D:7)
  2 ogres
  4 wolves (Lair:2)
  3 centaurs
  2 crocodiles (Lair:2)
  A lemure (D:7)
  3 big kobolds
  3 bullfrogs
  4 scorpions
  2 howler monkeys
  A crimson imp (D:5)
  A hound (D:7)
  A bullfrog zombie (D:5)
  A bullfrog skeleton (D:8)
  A jelly (D:5)
  6 orc priests
  2 orc wizards (D:5)
  9 hell rats
  3 worker ants
  Robin (D:3)
  A worker ant zombie (D:7)
  8 gnolls
  11 adders
  7 river rats
  A shadow imp (D:7)
  A white imp (D:7)
  2 ufetubi
  An adder zombie (D:4)
  3 dart slugs
  3 leopard geckos
  14 orcs
  7 bats
  7 giant cockroaches
  9 goblins
  12 hobgoblins
  8 jackals
  10 quokkas
  A ball python (D:7)
  7 frilled lizards
  A giant cockroach zombie (D:5)
  17 kobolds
  A leopard gecko skeleton (D:5)
  2 quokka skeletons
  24 rats
239 creatures vanquished.

Vanquished Creatures (collateral kills)
  A leopard gecko (D:8)
1 creature vanquished.

Vanquished Creatures (others)
  An orc wizard (D:8)
  A bush (D:5)
2 creatures vanquished.

Grand Total: 242 creatures vanquished

Notes
Turn   | Place    | Note
-------+----------+-------------------------------------------
     0 | D:1      | MrRokkomies the Palentonga Fighter began the quest for the
                  | Orb.
     0 | D:1      | Reached XP level 1. HP: 19/19 MP: 1/1
   151 | D:1      | Reached XP level 2. HP: 9/25 MP: 2/2
   949 | D:1      | Reached XP level 3. HP: 27/31 MP: 3/3
  1518 | D:2      | You fall into a shaft and drop 1 floor!
  1649 | D:2      | Reached skill level 1 in Dodging
  1656 | D:2      | Reached skill level 3 in Maces & Flails
  1656 | D:2      | Reached XP level 4. HP: 39/39 MP: 4/4
  2445 | D:3      | HP: 1/39 [gnoll/+0 whip (8)]
  2447 | D:3      | Reached XP level 5. HP: 22/44 MP: 5/5
  2785 | D:3      | Noticed Robin
  2812 | D:3      | Killed Robin
  3419 | D:3      | Found a blossoming altar of Fedhas.
  3684 | D:4      | Reached skill level 4 in Maces & Flails
  3684 | D:4      | Reached XP level 6. HP: 47/52 MP: 6/6
  4025 | D:4      | Found a bloodstained altar of Trog.
  4172 | D:5      | Entered Level 5 of the Dungeon
  4488 | D:4      | Reached skill level 5 in Fighting
  4770 | D:5      | Reached XP level 7. HP: 48/59 MP: 7/7
  4916 | D:5      | Reached skill level 5 in Maces & Flails
  5207 | D:5      | Found a sparkling altar of Nemelex Xobeh.
  5239 | D:5      | Became a worshipper of Nemelex Xobeh the Trickster
  5260 | D:5      | Found a burning altar of Makhleb.
  5290 | D:5      | Reached skill level 1 in Invocations
  5361 | D:5      | Received a gift from Nemelex Xobeh
  5409 | D:5      | Found Xerunuke's Gadget Shoppe.
  5622 | D:6      | Found a radiant altar of Vehumet.
  5869 | D:6      | Reached XP level 8. HP: 59/68 MP: 9/9
  6001 | D:6      | Found a glowing golden altar of the Shining One.
  6163 | D:6      | Reached skill level 6 in Maces & Flails
  6282 | D:6      | Received a gift from Nemelex Xobeh
  6390 | D:7      | Found a hide-covered altar of Uskayaw.
  6390 | D:7      | Reached * piety under Nemelex Xobeh
  6393 | D:7      | Found a staircase to the Ecumenical Temple.
  6571 | D:7      | Found a hazy altar of Hepliaklqana.
  6676 | D:7      | Received a gift from Nemelex Xobeh
  6783 | D:7      | Noticed Pikel
  6804 | D:7      | Killed Pikel
  6918 | D:7      | Noticed Joseph
  7172 | D:7      | Killed Joseph
  7172 | D:7      | Reached skill level 7 in Maces & Flails
  7172 | D:7      | Reached skill level 5 in Invocations
  7172 | D:7      | Reached XP level 9. HP: 24/75 MP: 11/13
  7906 | D:7      | Reached ** piety under Nemelex Xobeh
  8424 | D:7      | Received a gift from Nemelex Xobeh
  8757 | D:7      | Upgraded the game from 0.26-a0-307-g4e7fcc93f0 to
                  | 0.26-a0-317-ge2f3d4a7ca
  8922 | D:8      | Reached skill level 5 in Armour
  9116 | D:8      | Noticed Maurice
  9375 | D:7      | Killed Maurice
  9375 | D:7      | Reached skill level 8 in Maces & Flails
  9611 | D:8      | Noticed a manticore
  9617 | D:8      | Killed a manticore
  9627 | D:8      | Received a gift from Nemelex Xobeh
  9635 | D:8      | Reached XP level 10. HP: 38/84 MP: 15/15
  9915 | D:8      | Found a hide-covered altar of Uskayaw.
  9964 | D:8      | Noticed a death yak
 10207 | D:7      | Killed a death yak
 10407 | D:8      | Noticed a death yak
 10408 | D:8      | Noticed a death yak
 10419 | D:8      | Killed a death yak
 10419 | D:8      | Reached skill level 9 in Maces & Flails
 10429 | D:8      | Killed a death yak
 10561 | D:8      | Found a staircase to the Lair.
 11127 | D:8      | Found a stormy altar of Qazlal.
 11334 | Lair:1   | Entered Level 1 of the Lair of Beasts
 12469 | Lair:2   | Reached *** piety under Nemelex Xobeh
 12529 | Lair:2   | Found a dark tunnel.
 12534 | Volcano  | Entered a volcano
 12606 | Volcano  | Noticed a red ugly thing
 12618 | Volcano  | Killed a red ugly thing
 12618 | Volcano  | Reached skill level 10 in Maces & Flails
 12851 | Volcano  | Noticed a hell knight
 12859 | Volcano  | Noticed a sun demon
 12861 | Volcano  | Noticed a mana viper
 12861 | Volcano  | a hell knight changed into a mana viper
 12863 | Volcano  | Reached XP level 11. HP: 92/92 MP: 15/18
 12867 | Volcano  | Killed a sun demon
 12870 | Volcano  | Killed a mana viper
 13412 | Lair:2   | HP: 1/93 [wyvern (12)]
 13417 | Lair:2   | Slain by a wyvern

Illustrated notes

Levels and vault maps discovered:
D:1:      minmay_arrival_shattered_statue, layout_loops_ring,
          wander_ebering_terrifying_dragon_lair
D:2:      layout_basic
D:3:      layout_basic, old_standard_altar, uniq_robin
D:4:      layout_rooms, solitary_fountain, trog_butcher_becter
D:5:      layout_rooms, makhleb_grotto_becter,
          nemelex_xobeh_ov_fountains_minmay, serial_shops, kennysheep_mini,
          kb_lookout_dungeons_type
D:6:      layout_loops_ring, overflow_temple_1_default, lemuel_doored_altar
D:7:      lemuel_ratsnest, layout_layer_cave, old_standard_altar,
          minmay_temple_entry_drinking_statues, basic_altar, uniq_pikel,
          uniq_joseph
D:8:      layout_cave_pools, eat_drink_and_be_merry_uskayaw,
          overflow_temple_1_default, dpeg_lair_monsters, grunt_livestock,
          uniq_maurice
Lair:1:   layout_layer_cave, serial_bayou_shore_b
Lair:2:   layout_cave_shapes, enter_volcano_1, minmay_lindwurm_lava

Skill      XL: |  1  2  3  4  5  6  7  8  9 10 |
---------------+-------------------------------+-----
Dodging        | 1 2 |  2.4
Maces & Flails | 3 4 5 7 8 10 | 10.4
Fighting       | 4 5 6 7 8 |  8.5
Armour         | 3 4 5 6 |  6.4
Invocations    | 2 5 7 9 |  9.9
Shields        | |  2.4

Action                   |  1- 3 |  4- 6 |  7- 9 | 10-12 || total
-------------------------+-------+-------+-------+-------++-------
Melee: Flail             |   136 |   241 |   212 |    39 ||   628
       Tailslap          |    11 |    29 |    61 |    40 ||   141
       Whip              |       |       |   185 |   193 ||   378
       Unarmed           |       |       |     6 |       ||     6
Throw: Stone             |       |       |     1 |       ||     1
Invok: Draw Destruction  |       |       |     4 |     7 ||    11
       Draw Escape       |       |       |     3 |       ||     3
       Draw Summoning    |       |       |     1 |     4 ||     5
       Triple Draw       |       |       |       |     1 ||     1
 Abil: Rolling Charge    |     3 |     5 |     8 |     1 ||    17
Evoke: Wand              |       |       |     1 |     3 ||     4
  Use: Scroll            |     6 |     5 |     1 |     2 ||    14
       Potion            |       |     2 |     4 |     6 ||    12
Armor: Scale mail        |   114 |   137 |   226 |    48 ||   525
       Chain mail        |       |       |       |    43 ||    43
Dodge: Dodged            |    37 |    63 |   116 |    53 ||   269
Block: Kite shield       |    77 |   123 |   189 |   104 ||   493

Table legend:
 A = Non-vault XP
 B = Vault XP
 C = Vault XP percentage of total XP
 D = Non-vault monster count
 E = Vault monster count
 F = Vault count percentage of total count
                 A         B        C        D         E       F
            +---------+---------+-------+---------+---------+-------
      Total |    5916 |    7339 |  55.4 |     168 |      71 |  29.7
            +---------+---------+-------+---------+---------+-------
        D:1 |      47 |       1 |   2.1 |      25 |       1 |   3.8
        D:2 |     103 |       0 |   0.0 |      24 |       0 |   0.0
        D:3 |     141 |      35 |  19.9 |      17 |      11 |  39.3
        D:4 |     282 |       7 |   2.4 |      14 |       4 |  22.2
        D:5 |     415 |     156 |  27.3 |      17 |       2 |  10.5
        D:6 |     493 |       0 |   0.0 |       8 |       0 |   0.0
        D:7 |     946 |    2350 |  71.3 |      28 |      33 |  54.1
        D:8 |    1394 |    2197 |  61.2 |      21 |      14 |  40.0
     Lair:1 |    1209 |       0 |   0.0 |       6 |       0 |   0.0
     Lair:2 |     886 |       0 |   0.0 |       8 |       0 |   0.0
    Volcano |       0 |    2593 | 100.0 |       0 |       6 | 100.0
            +---------+---------+-------+---------+---------+-------
